 Dungeon Crawl Stone Soup version 0.17-a0-2118-g63bad21 (webtiles) character file.

60 fredomojojo the Magician (level 3, -3/19 HPs)
             Began as a Deep Elf Wizard on Oct 20, 2015.
             Slain by Robin
             ... wielding a cursed +0 short sword
              (5 damage)
             ... on level 2 of the Dungeon.
             The game lasted 00:36:21 (1493 turns).

fredomojojo the Magician (Deep Elf Wizard)          Turns: 1493, Time: 00:36:21

Health: -3/19      AC:  2    Str:  3 (4)  XL:     3   Next: 80%
Magic:  1/12       EV: 13    Int: 23      God:
Gold:   42         SH:  0    Dex: 13      Spells: 3 memorised, 8 levels left

rFire  . . .     SeeInvis .     l - +2 short sword (venom)
rCold  . . .     Clarity  .     a - +0 robe
rNeg   . . .     SustAt   .     (no shield)
rPois  .         Gourm    .     b - +0 hat
rElec  .         Spirit   .     (no cloak)
rCorr  .         Warding  .     (no gloves)
rMut   +         Stasis   .     (no boots)
MR     .....                    p - amulet of resist mutation
Stlth  ++........               (no ring)
                                (no ring)

@: not resistant to hostile enchantments, unstealthy
A: no striking features
a: no special abilities


You were on level 2 of the Dungeon.
You were not hungry.

You visited 1 branch of the dungeon, and saw 3 of its levels.

You collected 42 gold pieces.

Inventory:

Hand Weapons
 e - a +0 short sword
 l - a +2 short sword of venom (weapon)
 m - a +0 hunting sling
Missiles
 f - 11 silver sling bullets
 g - 20 bolts of flame
 j - 77 stones (quivered)
 o - 20 arrows
Armour
 a - a +0 robe (worn)
 b - a +0 hat (worn)
Jewellery
 i - an uncursed amulet of resist corrosion
 p - an amulet of resist mutation (around neck)
Scrolls
 k - 2 scrolls of identify
 n - a scroll of teleportation {unknown}
Books
 c - a book of Minor Magic

   Spells                             Type                      Level
   a - Magic Dart                     Conjuration                  1
   b - Blink                          Translocation                2
   c - Call Imp                       Summoning                    2
   d - Repel Missiles                 Charms/Air                   2
   e - Slow                           Hexes                        2
   f - Conjure Flame                  Conjuration/Fire             3
   g - Mephitic Cloud                 Conjuration/Poison/Air       3
Comestibles
 d - a bread ration
 h - 5 fruits


   Skills:
 + Level 0.1 Fighting
 + Level 0.2 Short Blades
 + Level 3.0 Dodging
 + Level 2.6 Stealth
 + Level 5.9 Spellcasting
 + Level 1.4 Conjurations
 + Level 1.1 Summonings
 + Level 1.1 Translocations


You had 8 spell levels left.
You knew the following spells:

 Your Spells              Type           Power        Failure   Level  Hunger
a - Magic Dart            Conj           ##..         6%          1    None
b - Blink                 Tloc           N/A          10%         2    None
c - Call Imp              Summ           ##......     10%         2    None


Dungeon Overview and Level Annotations

Branches:
Dungeon (3/15)

Altars:

Annotations:
D:2 Robin


Message History

Your crimson imp blinks!
Robin hits your crimson imp with a short sword.
Your crimson imp closely misses Robin.
Casting: Magic Dart
Confirm with . or Enter, or press ? or * to list all spells.
Aiming: Magic Dart
Press: ? - help, Shift-Dir - straight line, f/p - hobgoblin
Aim: a hobgoblin, wielding a club (heavily wounded, consumed by blood-lust)
The magic dart hits the hobgoblin.
You kill the hobgoblin!
Your crimson imp disappears in a puff of smoke!
Your crimson imp blinks!
You barely miss Robin.
Robin is heavily wounded.
Robin hits you with a short sword.
* * * LOW HITPOINT WARNING * * *
You closely miss Robin.
Robin is heavily wounded.
Robin hits you with a short sword.
You die...

....g####...#####.#
#+# #...# #.# ##+##
#...# #.#......
#...# #.#......
#...# ###'#......
##### #..........
#.)...)....
#gg..##.... .
#@...# ... . #5...#
.. . #....# . .
#....# . #....# #.
#....# #######'
#....# #.....<.
###.## #.......
##'### #.......


You could see Robin, a hobgoblin (frenzied) and a friendly crimson imp.

Vanquished Creatures
  An adder (D:2)
  A giant gecko (D:1)
  2 orcs (D:2)
  4 bats
  2 giant cockroaches
  6 goblins
  4 hobgoblins
  8 jackals
  A quokka (D:2)
  8 kobolds
  A rat (D:1)
38 creatures vanquished.

Vanquished Creatures (collateral kills)
  5 goblins (D:2)
  A hobgoblin (D:2)
6 creatures vanquished.

Grand Total: 44 creatures vanquished

Notes
Turn   | Place    | Note
--------------------------------------------------------------
     0 | D:1      | fredomojojo the Deep Elf Wizard began the quest for the Orb.
     0 | D:1      | Reached XP level 1. HP: 10/10 MP: 7/7
   186 | D:1      | Reached skill level 5 in Spellcasting
   302 | D:2      | Reached XP level 2. HP: 10/15 MP: 8/10
   370 | D:1      | Learned a level 2 spell: Blink
   696 | D:2      | Learned a level 2 spell: Call Imp
   715 | D:2      | Reached XP level 3. HP: 19/19 MP: 9/12
  1438 | D:2      | Noticed Robin
  1493 | D:2      | Slain by Robin

Vault maps used:
D:1:      minmay_arrival_cross, st_stairs_5, nrook_mini_backslash,
          serial_bayou_crossing
D:2:      kennysheep_the_goblin_king, uniq_robin
D:3:      grunt_temple_overflow_open, hex_medium

Action                   || total
-------------------------++-------
Melee: Short sword       ||    49
Throw: Stone             ||     3
 Cast: Magic Dart        ||    68
       Call Imp          ||     5
       Blink             ||     1
  Use: Potion            ||     4
       Scroll            ||     2
 Stab: Distracted        ||     1
       Sleeping          ||     1
  Eat: Bread ration      ||     1
